 Dungeon Crawl Stone Soup version 0.30-a0-347-gf58ed5266c (webtiles) character file.

Game seed: 16654313086472792171

411 Shayle the Insei (level 7, -4/51 HPs)
             Began as a Djinni Reaver on Nov 5, 2022.
             Slain by a kobold brigand
             ... wielding a +0 club
              (5 damage)
             ... in a sewer.
             The game lasted 00:07:38 (3273 turns).

Shayle the Insei (Djinni Reaver)                    Turns: 3273, Time: 00:07:39

Health: -4/51      AC:  3    Str: 11    XL:     7   Next: 14%
Gold:   71         EV: 12    Int: 16    God:
                   SH:  0    Dex: 12

rFire   + + .      SeeInvis .    c - +2 dagger (freeze)
rCold   x . .      Faith    .    (no shield)
rNeg    . . .      Spirit   .    a - +0 leather armour
rPois   ∞          Reflect  .    (no helmet)
rElec   .          Harm     .    (no cloak)
rCorr   .          Rampage  .    (no gloves)
Will    .....                    (boots unavailable)
Stlth   +.........               (no amulet)
HPRegen 0.28/turn                (no ring)
MPRegen 0.00/turn                (no ring)

@: flying, hasted, very quick
A: sickness immunity, fire resistance 2, cold vulnerability 1, float, innate
caster, HP casting, extra vitality 1, claws 1
a: no special abilities


You were in a sewer.
You visited 1 branch of the dungeon, and saw 3 of its levels.
You also visited: Sewer.

You collected 71 gold pieces.

Inventory:

Hand Weapons
 c - a +2 dagger of freezing (weapon)
Armour
 a - a +0 leather armour (worn)
Jewellery
 h - a ring of fire
Scrolls
 b - 2 scrolls of blinking {unknown}
 e - 4 scrolls of identify {unknown}
 f - 3 scrolls of teleportation {unknown}
 g - a scroll of fear {unknown}
 i - a scroll of noise {unknown}
 j - a scroll of immolation {unknown}
 k - a scroll of enchant armour {unknown}
 l - a scroll of enchant weapon {unknown}
 m - 4 scrolls of vulnerability {unknown}
 p - a scroll of brand weapon {unknown}
Potions
 o - a potion of haste


   Skills:
 + Level 3.8 Fighting
 + Level 4.2 Dodging
 + Level 4.5 Unarmed Combat
 + Level 3.6 Spellcasting


You had one spell level left.
You knew the following spells:

 Your Spells              Type           Power      Damage    Failure   Level
a - Kiss of Death         Conj/Necr      56%        2d9       5%          1
b - Momentum Strike       Conj/Tloc      28%        3d8       8%          2
c - Hailstorm             Conj/Ice       14%        3d5       16%         3
d - Summon Small Mammal   Summ           56%        N/A       5%          1
e - Searing Ray           Conj           28%        2d5       8%          2
f - Stone Arrow           Conj/Erth      28%        3d8       16%         3
Your spell library was empty.

Dungeon Overview and Level Annotations

Branches:
Dungeon (3/15)              Sewer (1/1)

Altars:


Innate Abilities, Weirdness & Mutations

You are immune to sickness and miasma.
You are immune to poison.
Your flesh is very heat resistant. (rF++)
You are vulnerable to cold. (rC-)
You float through the air rather than walking.
You learn spells naturally, not from books.
Your magical power is your life essence.
You have superior vitality. (+4 MHP)
You have sharp fingernails.


Message History

Your punch misses the kobold brigand.
The kobold brigand is almost dead.
The kobold brigand splashes around in the water.
The worm bites you!
You barely miss the kobold brigand.
The kobold brigand is almost dead.
The kobold brigand hits you with a +0 club!
* * * LOW HITPOINT WARNING * * *
You closely miss the kobold brigand.
The kobold brigand is almost dead.
The worm splashes around in the water.
The kobold brigand hits you with a +0 club.
* * * LOW HITPOINT WARNING * * *
Unknown command.
A river rat and a worm come into view.
The river rat twitches its whiskers.
Okay, then.
It was a potion of mutation.
You feel extremely strange.
Your fingernails lengthen.
It was a potion of haste.
You feel yourself speed up.
The kobold brigand splashes around in the water.
Okay, then.
Throw: dart (curare)
Press: ? - help, Q - select action, (/) - cycle Shift-Dir - straight line, f - kobold brigand
Aim: a kobold brigand, wielding a +0 club and quivering curare-tipped darts (almost dead, 50% to hit)
You throw a curare-tipped dart.
The curare-tipped dart barely misses the kobold brigand.
You hear a splash.
You aren't carrying any items that you can evoke.
Unknown command.
Okay, then.
You barely miss the kobold brigand.
The kobold brigand is almost dead.
The kobold brigand hits you with a +0 club!
* * * LOW HITPOINT WARNING * * *
Unknown command.
You barely miss the kobold brigand.
The kobold brigand is almost dead.
The kobold brigand hits you with a +0 club.
You die...

##~.~~~~.~.~~..########.~)~~#####
#.~...#####~.~~~# #####~~~~.#
#.~.~## ##~.~.# ####### #.~~##
##~~.# #~..# #...# #~~~# #.~.#
#~.~## ##~~~## .~~~~# #.~wK~#
~###~# #.###@# ~# #~# #~# #~#
)###.## #~# #.# ~~#~~~# ~.. r~~
#~#~#~# ~#~ ~#~ #~#~#~# #~ ~#~ w#
#~#~#~# #K ~#~ ~# #.#.#.# #. w#.
.# #######


You could see a kobold brigand, 2 worms and a river rat.

Vanquished Creatures
  5 kobold brigands (Sewer)
  A river rat (D:3)
  4 adders
  5 worms
  2 dart slugs (D:1)
  4 orcs
  8 ball pythons
  7 endoplasms
  3 giant cockroaches (D:2)
  2 hobgoblins
  2 quokkas (D:2)
  5 bats
  2 goblins
  6 kobolds
  7 rats
63 creatures vanquished.

Vanquished Creatures (others)
  3 river rats
3 creatures vanquished.

Grand Total: 66 creatures vanquished

Notes
Turn   | Place    | Note
-------+----------+-------------------------------------------
     0 | D:1      | Shayle the Djinni Reaver began the quest for the Orb.
     0 | D:1      | Shayle set off with the following spells memorised: Kiss of
                  | Death, Momentum Strike, Hailstorm.
     0 | D:1      | Reached XP level 1. HP: 18/18 MP: 0/0
   233 | D:1      | Reached XP level 2. HP: 22/23 MP: 0/0
   603 | D:1      | Reached XP level 3. HP: 28/28 MP: 0/0
   603 | D:1      | Learned a level 1 spell: Summon Small Mammal
  1227 | D:2      | Reached XP level 4. HP: 22/34 MP: 0/0
  1828 | D:3      | Found a glowing drain.
  2044 | Sewer    | Entered a sewer
  2107 | Sewer    | Noticed a kobold brigand
  2127 | Sewer    | Killed a kobold brigand
  2128 | Sewer    | Reached XP level 5. HP: 22/40 MP: 0/0
  2128 | Sewer    | Learned a level 2 spell: Searing Ray
  2563 | Sewer    | Noticed a kobold brigand
  2589 | Sewer    | Killed a kobold brigand
  2590 | Sewer    | Reached XP level 6. HP: 12/46 MP: 0/0
  3163 | Sewer    | Reached XP level 7. HP: 51/51 MP: 0/0
  3163 | Sewer    | Learned a level 3 spell: Stone Arrow
  3269 | Sewer    | Gained mutation: You have sharp fingernails. [potion of
                  | mutation]
  3272 | Sewer    | HP: 1/51 [kobold brigand/+0 club (7)]
  3273 | Sewer    | Slain by a kobold brigand

Illustrated notes

Levels and vault maps discovered:
D:1:      onia_arrival_mini_maze, layout_basic
D:2:      layout_rooms, chequers_jeans
D:3:      layout_rooms, kiku_gazebo_garden_becter,
          mainiacjoe_overflow_tiny_flanked, cheibrodos_sewer_entry_sluice,
          minmay_misc_feat_nine_boxes, kennysheep_generic_room_9,
          uniq_crazy_yiuf_cottage
Sewer:    sewer_co_tree

Skill      XL: |  1  2  3  4  5  6 |
---------------+-------------------+-----
Dodging        | 3 4 |  4.2
Fighting       | 3 |  3.8
Spellcasting   | 3 |  3.6
Unarmed Combat | 4 |  4.5

Action                   |  1- 3 |  4- 6 |  7- 9 || total
-------------------------+-------+-------+-------++-------
Melee: Unarmed           |    95 |    85 |       ||   180
       Dagger            |       |    95 |    31 ||   126
       Punch             |       |     5 |     3 ||     8
Throw: Dart              |    25 |     7 |     1 ||    33
 Cast: Momentum Strike   |       |     7 |       ||     7
       Summon Small Mamm |       |     1 |       ||     1
  Use: Potion            |       |     1 |     2 ||     3
Armor: Leather armour    |    21 |    31 |       ||    52
Dodge: Dodged            |    61 |    95 |    11 ||   167

Table legend: (Time is in decaauts)
 A = Elapsed time spent in this place.
 B = Non-inter-level travel time spent in this place.
 C = Inter-level travel time spent in this place.
 D = Time resting spent in this place.
 E = Time spent auto-exploring this place.
 F = Levels seen in this place.
 G = Mean time per level.
                   A        B        C        D        E       F      G
               +--------+--------+--------+--------+--------+-----+--------+
         Total |   3259 |   3220 |     39 |    529 |   1697 |   4 |  814.8 |
       Dungeon |   2031 |   1992 |     39 |    270 |   1025 |   3 |  677.0 |
         Sewer |   1228 |   1228 |      0 |    259 |    672 |   1 | 1228.0 |
               +--------+--------+--------+--------+--------+-----+--------+

Top non-repeatable levels by time:
   Sewer: 1228 daAuts
     D:1: 959 daAuts
     D:2: 919 daAuts
     D:3: 152 daAuts
